Map: Ulrena

Players

Snuffe

  • Race: Zerg Zerg
  • League: Grandmaster

БольшойБОСС - Winner!

  • Race: Terran Terran
  • League: Grandmaster

Event: Gauntlet LotV Series 1 Qualifier 2

VOD

Have the link to the VOD?

Description

Time

  • Played on: Dec. 5, 2015, 1:46 p.m.
  • Length: 5:24

All games in this series

Show
View Real Time Build Order
Export as new Build Order

Snuffe Zerg 

Build Orders: Hatch First, Ravager All-In 

Get SALT Encoding   

  12  0:02  Drone  
  13  0:13  Overlord  
  13  0:18  Drone  
  14  0:24  Drone, Extractor  
  15  0:32  Drone  
  16  0:35  Drone  
  17  0:54  Hatchery  
  17  0:56  Drone  
  17  0:59  Drone  
  18  1:09  Extractor  
  17  1:13  Spawning Pool  
  17  1:17  Drone  
  17  1:20  Drone  
  18  1:30  Drone  
  19  1:42  Overlord  
  19  1:53  Drone  
  20  2:01  Queen  
  20  2:02  Zergling x2  
  20  2:06  Queen  
  20  2:07  Zergling x2  
  26  2:14  Drone  
  27  2:15  Roach Warren  
  27  2:18  Drone  
  27  2:23  Drone  
  28  2:33  Drone  
  28  2:34  Drone  
  29  2:37  Extractor  
  29  2:43  Extractor  
  27  2:47  Overlord  
  27  2:48  Overlord  
  28  3:08  Spore Crawler  
  30  3:13  Roach x5  
  30  3:16  Drone x2  
  30  3:17  Drone  
  30  3:18  Extractor  
  41  3:20  Drone x3  
  43  3:29  Overlord  
  43  3:41  Overlord  
  43  3:47  Zergling x4  
  43  3:48  Zergling x4  
  47  3:54  Zergling x10  
  52  3:56  Ravager  
  52  3:57  Ravager x3  
  56  4:06  Zergling x4  
  58  4:11  Ravager  
  58  4:12  Overlord  
  59  4:20  Drone x2  
  59  4:22  Drone x2  
  55  4:37  Drone  
  55  4:38  Drone x5  
  47  4:43  Extractor  
  47  4:44  Queen  
  44  4:50  Drone  
  45  5:00  Zergling x10  
  45  5:01  Extractor  
  45  5:02  Drone x2  
Show
View Real Time Build Order
Export as new Build Order

БольшойБОСС Terran - Winner!

Build Orders: Reaper Expand 

Get SALT Encoding   

  12  0:01  SCV  
  13  0:13  SCV  
  14  0:17  Supply Depot  
  14  0:25  SCV  
  15  0:39  SCV, Barracks  
  16  0:45  Refinery  
  16  0:51  SCV  
  17  1:03  SCV  
  18  1:15  SCV  
  19  1:27  Orbital Command  
  19  1:28  Reaper  
  20  1:40  Command Center  
  20  1:53  SCV, Supply Depot  
  21  1:57  Refinery  
  21  2:00  Marine  
  22  2:05  SCV  
  23  2:16  Factory  
  23  2:18  SCV  
  24  2:27  Barracks Reactor  
  24  2:30  SCV  
  25  2:42  SCV  
  26  2:53  Orbital Command  
  26  2:54  SCV  
  27  2:59  Factory Tech Lab  
  27  3:01  Starport  
  27  3:03  Marine x2  
  29  3:06  SCV  
  29  3:12  Supply Depot  
  29  3:18  SCV  
  30  3:20  Siege Tank  
  30  3:21  Marine x2  
  30  3:25  SCV  
  36  3:31  SCV  
  37  3:37  SCV  
  37  3:39  Marine x2  
  37  3:40  Medivac  
  42  3:43  SCV  
  43  3:51  Supply Depot  
  43  3:53  Siege Tank  
  43  3:55  SCV  
  48  4:01  Barracks x2  
  47  4:04  Marine x2  
  47  4:05  SCV  
  47  4:08  SCV  
  50  4:17  SCV, Supply Depot  
  50  4:23  Marine x2  
  53  4:24  Medivac  
  53  4:25  SCV  
  53  4:32  SCV  
  53  4:36  Siege Tank  
  53  4:37  SCV  
  53  4:43  Marine x2  
  53  4:44  SCV  
  56  4:49  SCV  
  56  4:50  Barracks Tech Lab x2  
  57  4:52  Supply Depot  
  57  4:57  SCV  
  57  4:58  Starport Reactor  
  58  5:01  SCV  
  58  5:03  Marine x2  
  61  5:09  SCV, Refinery  
Tags
 
Add a new tag
Caveats
  • Supply blocks, unpowered buildings, or Contaminate may cause inaccurate times.
  • Supply counts are checked every 10 seconds.